 Dungeon Crawl Stone Soup version 0.27.1-37-g7b29ead8ac (webtiles) character file.

Game seed: 10574367617472485668

46 tkbsonic5 the Skirmisher (level 3, -6/30 HPs)
             Began as a Barachi Fighter on Oct 23, 2023.
             Mangled by an ogre (16 damage)
             ... on level 3 of the Dungeon.
             The game lasted 00:02:22 (1647 turns).

tkbsonic5 the Skirmisher (Barachi Fighter)          Turns: 1647, Time: 00:02:23

Health: -6/30      AC:  8    Str: 18    XL:     3   Next: 68%
Magic:  3/3        EV:  7    Int:  8    God:
Gold:   77         SH:  9    Dex: 11    Spells: 2/2 levels left

rFire    . . .     SeeInvis .   a - +0 flail
rCold    . . .     Faith    .   c - +0 kite shield
rNeg     . . .     Spirit   .   b - +0 scale mail
rPois    .         Reflect  .   (no helmet)
rElec    .         Harm     .   (no cloak)
rCorr    .         Rampage  .   (no gloves)
Will     .....                  g - +0 pair of boots
Stlth    ..........             (no amulet)
HPRegen  0.10/turn              (no ring)
MPRegen  0.08/turn              (no ring)

@: mighty, slow
A: amphibious, slowness 1, strong legs 1, +LOS
a: Hop


You were on level 3 of the Dungeon.
You visited 1 branch of the dungeon, and saw 3 of its levels.

You collected 77 gold pieces.

Inventory:

Hand Weapons
 a - a +0 flail (weapon)
Missiles
 l - 12 poisoned darts
 m - 7 atropa-tipped darts
Armour
 b - a +0 scale mail (worn)
 c - a +0 kite shield (worn)
 g - a +0 pair of boots (worn)
Scrolls
 h - 2 scrolls of fog
 j - a scroll of fear {unknown}
Potions
 e - a potion of ambrosia {unknown}
 f - a potion of mutation
 i - 6 potions of curing
 k - 2 potions of heal wounds {unknown}


   Skills:
 + Level 4.1 Fighting
 * Level 3.2 Maces & Flails
 - Level 4.0 Armour
 + Level 3.7 Shields


You had 2 spell levels left.
You didn't know any spells.
Your spell library contained the following spells:

 Spells                   Type           Power      Damage    Failure   Level
 Animate Skeleton         Necr           0%         N/A       99%         1
 Apportation              Tloc           0%         N/A       99%         1
 Corona                   Hex            0%         N/A       99%         1
 Summon Small Mammal      Summ           0%         N/A       99%         1
 Malign Gateway           Summ/Tloc      0%         N/A       100%        7
 Summon Horrible Things   Summ           0%         N/A       100%        8


Dungeon Overview and Level Annotations

Branches:
Dungeon (3/15)

Altars:

Shops:
D:2 *


Innate Abilities, Weirdness & Mutations

You are amphibious.
You cover ground slowly.
You can hop short distances.
You have an extended range of vision and can be seen from far away.


Message History

The ball python constricts you.
You closely miss the ball python. You block the ball python's attack.
The ball python constricts you.
The ball python bites you but does no damage.
The ball python constricts you.
You closely miss the ball python. You block the ball python's attack.
The ball python constricts you. You block the ball python's attack.
The ball python constricts you.
You barely miss the ball python.
The ball python bites you but does no damage.
The ball python constricts you. The ball python barely misses you.
The ball python constricts you.
You closely miss the ball python.
The ball python bites you but does no damage.
The ball python constricts you. The ball python bites you.
The ball python constricts you.
You completely miss the ball python. The ball python barely misses you.
The ball python constricts you.
You hit the ball python.
You kill the ball python!
You closely miss the ogre.
The ogre hits you with a +0 giant spiked club.
The ogre closely misses you.
You sock the ogre!
The ogre is moderately wounded.
The ogre hits you with a +0 giant spiked club!
You are too injured to fight recklessly!
You are too injured to fight recklessly!
You are too injured to fight recklessly!
You are too injured to fight recklessly!
You are too injured to fight recklessly!
You are too injured to fight recklessly!
You are too injured to fight recklessly!
You are too injured to fight recklessly!
You are too injured to fight recklessly!
You are too injured to fight recklessly!
You feel very mighty all of a sudden.
The ogre hits you with a +0 giant spiked club!
Ouch! That really hurt!
You die...

######...#######........
#.............##.......
#.####.....##.###....#
###.............#
#...##.####...#
###.#....#...<#
#.............#
#.#....#.##...#
#@#...........#
#O#..###.##...#
#.#......##.....
#.#.#########.... ..#..
...... ..... ......
..... ..... #.#. #. .


You could see an ogre.

Vanquished Creatures
  5 endoplasms
  5 giant cockroaches
  4 goblins
  5 hobgoblins
  4 kobolds (D:1)
  3 quokkas (D:1)
  5 ball pythons
  2 frilled lizards (D:1)
  7 rats
40 creatures vanquished.

Notes
Turn   | Place    | Note
-------+----------+-------------------------------------------
     0 | D:1      | tkbsonic5 the Barachi Fighter began the quest for the Orb.
     0 | D:1      | Reached XP level 1. HP: 18/18 MP: 1/1
   159 | D:1      | Reached XP level 2. HP: 25/25 MP: 2/2
   662 | D:1      | Reached XP level 3. HP: 21/30 MP: 3/3
  1138 | D:2      | Found Kippon's Assorted Antiques.
  1634 | D:3      | Noticed an ogre
  1647 | D:3      | Mangled by an ogre

Illustrated notes

Levels and vault maps discovered:
D:1:      wander_arrival_peaceful_grave, layout_basic, serial_bayou,
          serial_bayou_ford_a, serial_bayou_lake_a, serial_bayou_pond_e,
          serial_bayou_pond_b, minmay_cut_off
D:2:      layout_rooms, serial_shops, shop_statue
D:3:      layout_basic, basic_ecumenical_altar

Skill      XL: |  1  2  3 |
---------------+----------+-----
Armour         | 4 |  4.0
Maces & Flails | 3 |  3.2
Fighting       | 4 |  4.1
Shields        | |  3.7

Action                   || total
-------------------------++-------
Melee: Flail             ||   111
  Use: Scroll            ||     3
       Potion            ||     1
Armor: Scale mail        ||    52
Dodge: Dodged            ||    44
Block: Kite shield       ||    64
